 Dungeon Crawl Stone Soup version 0.29-a0-982-gaed3a0c8d8 (webtiles) character file.

Game seed: 17689854500792109634

315 leavemydog the Chopper (level 6, -3/53 HPs)
             Began as a Hill Orc Fighter on Aug 1, 2022.
             Slain by an orc warrior
             ... wielding a +0 scimitar
              (5 damage)
             ... on level 4 of the Dungeon.
             The game lasted 00:05:19 (3282 turns).

leavemydog the Chopper (Hill Orc Fighter)           Turns: 3282, Time: 00:05:19

Health: -3/53      AC: 10    Str: 21    XL:     6   Next: 44%
Magic:  6/6        EV:  9    Int:  8    God:
Gold:   105        SH:  0    Dex: 10    Spells: 5/5 levels left

rFire   + . .      SeeInvis .   a - +0 war axe
rCold   + . .      Faith    .   c - +0 buckler
rNeg    . . .      Spirit   .   b - +0 scale mail
rPois   .          Reflect  .   f - +0 helmet
rElec   .          Harm     .   u - scarf {rC+ rF+}
rCorr   .          Rampage  .   h - +0 pair of gloves
Will    .....                   i - +0 pair of boots
Stlth   ..........              (no amulet)
HPRegen 0.17/turn               (no ring)
MPRegen 0.10/turn               (no ring)

@: confused, lethally poisoned (-3 -> -20), ambrosia-drunk
A: no striking features
a: Convert to Beogh


You were on level 4 of the Dungeon.
You visited 1 branch of the dungeon, and saw 4 of its levels.

You collected 105 gold pieces.

Inventory:

Hand Weapons
 a - a +0 war axe (weapon)
Armour
 b - a +0 scale mail (worn)
 c - a +0 buckler (worn)
 f - a +0 helmet (worn)
 h - a +0 pair of gloves (worn)
 i - a +0 pair of boots (worn)
 u - a scarf of resistance (worn)
Jewellery
 s - a ring of ice
Wands
 p - a wand of mindburst (17)
 t - a wand of flame (10)
Scrolls
 e - a scroll of silence {unknown}
 g - a scroll of identify {unknown}
 j - a scroll of teleportation
 k - a scroll of immolation {unknown}
 l - a scroll of poison
 m - a scroll of magic mapping {unknown}
 o - a scroll of acquirement {unknown}
 q - a scroll of fear {unknown}
 r - a scroll of blinking {unknown}
 v - a scroll of vulnerability {unknown}
Potions
 d - 2 potions of might
 n - a potion of resistance


   Skills:
 + Level 4.5 Fighting
 * Level 7.0 Axes
 + Level 4.3 Armour
 + Level 3.8 Shields


You had 5 spell levels left.
You didn't know any spells.
Your spell library contained the following spells:

 Spells                   Type           Power      Damage    Failure   Level
 Beastly Appendage        Tmut           0%         N/A       83%         1
 Magic Dart               Conj           0%         1d3       83%         1
 Slow                     Hex            0%         N/A       83%         1
 Call Imp                 Summ           0%         N/A       92%         2
 Wereblood                Tmut           0%         N/A       92%         2
 Confusing Touch          Hex            0%         N/A       99%         3
 Mephitic Cloud           Conj/Pois/Air  0%         N/A       99%         3
 Spider Form              Tmut/Pois      0%         N/A       99%         3
 Vampiric Draining        Necr           0%         2d6       99%         3


Dungeon Overview and Level Annotations

Branches:
Dungeon (4/15)
 Temple: D:4-7

Altars:
Yredelemnul


Message History

The orc hits you from afar with a +0 trident.
* * * LOW HITPOINT WARNING * * *
It was a potion of ambrosia.
You are confused.
You feel invigorated.
You feel sick.
You are no longer poisoned.
The kobold closely misses you. The orc hits you but does no damage.
You are poisoned.
The orc closely misses you.
The orc priest looks encouraged for a moment.
The orc warrior barely misses you.
You are too confused!
You barely miss the orc warrior. You barely miss the kobold.
You closely miss the orc.
You feel very sick. The orc hits you but does no damage.
You are more poisoned.
The orc hits you but does no damage.
The orc warrior hits you but does no damage.
The kobold closely misses you.
You hit the orc but do no damage.
The orc is severely wounded.
You miss the kobold.
You hit the orc warrior but do no damage.
You feel very sick. The kobold hits you but does no damage.
The orc hits you with a +1 dagger of venom.
You are lethally poisoned!
The orc hits you but does no damage.
The orc warrior hits you with a +0 scimitar!
* * * LOW HITPOINT WARNING * * *
You closely miss the kobold.
The orc priest threatens, "By the altar or by the axe, you will meet Beogh!"
You slash the orc warrior! You miss the orc.
* * * LOW HITPOINT WARNING * * *
You feel very sick. The kobold hits you but does no damage.
The orc barely misses you. The orc hits you but does no damage.
The orc warrior hits you with a +0 scimitar.
You die...

.. .. #. #.#
# # #. ##.##.
# #.#.##....
. ##.#.
...##.#
...oo##...#.#
#.#Ko......#
#..o@....#
#######.##
#.# #.# #.#
##.#######
#........#
#..#####.#
####..#


You could see an orc warrior, an orc priest, 2 orcs and a kobold.

Vanquished Creatures
  A bullfrog (D:4)
  2 hounds (D:4)
  Jessica (D:2)
  Terence (D:2)
  An orc wizard (D:4)
  2 adders
  2 worms
  2 dart slugs (D:2)
  9 orcs
  7 ball pythons
  7 bats
  4 endoplasms
  6 giant cockroaches
  6 goblins
  8 hobgoblins
  3 quokkas
  5 frilled lizards
  13 kobolds
  7 rats
87 creatures vanquished.

Notes
Turn   | Place    | Note
-------+----------+-------------------------------------------
     0 | D:1      | leavemydog the Hill Orc Fighter began the quest for the
                  | Orb.
     0 | D:1      | Reached XP level 1. HP: 19/19 MP: 1/1
    49 | D:1      | Reached skill level 3 in Axes
    49 | D:1      | Reached XP level 2. HP: 26/27 MP: 2/2
   725 | D:1      | Reached XP level 3. HP: 30/33 MP: 3/3
  1183 | D:2      | Noticed Jessica
  1188 | D:2      | Reached skill level 4 in Axes
  1199 | D:2      | Killed Jessica
  1200 | D:2      | Reached XP level 4. HP: 30/40 MP: 4/4
  1304 | D:2      | Noticed Terence
  1317 | D:2      | Killed Terence
  1318 | D:2      | Reached skill level 5 in Axes
  1728 | D:2      | Reached XP level 5. HP: 7/46 MP: 5/5
  2139 | D:2      | You fall into a shaft and drop 2 floors!
  2550 | D:2      | Found a faded altar of an unknown god.
  2892 | D:3      | Found a basalt altar of Yredelemnul.
  3168 | D:4      | Reached skill level 6 in Axes
  3197 | D:4      | Reached XP level 6. HP: 53/53 MP: 6/6
  3271 | D:4      | Noticed an orc warrior
  3273 | D:4      | Reached skill level 7 in Axes
  3281 | D:4      | HP: 2/53 [orc warrior/+0 scimitar (15)]
  3282 | D:4      | Slain by an orc warrior

Illustrated notes

Levels and vault maps discovered:
D:1:      wander_arrival_estate, layout_loops_ring, serial_rivers,
          chequers_serial_rivers_large_a, chequers_serial_rivers_micro_d,
          chequers_serial_rivers_room_b, chequers_serial_rivers_large_b
D:2:      minmay_skewed_foursquare, layout_loops_ring,
          shapermc_ecumenical_altar_hornbeckon, minmay_fractal_squares_5,
          uniq_terence, uniq_jessica
D:3:      layout_rooms, lemuel_doored_altar
D:4:      layout_loops_corners, corexii_hall_statues_u

Skill      XL: |  1  2  3  4  5  6 |
---------------+-------------------+-----
Axes           | 3 4 5 6 7 |  7.0
Fighting       | 4 |  4.5
Armour         | 4 |  4.3
Shields        | |  3.8

Action                   |  1- 3 |  4- 6 || total
-------------------------+-------+-------++-------
Melee: War axe           |    86 |   182 ||   268
  Use: Potion            |       |     3 ||     3
       Scroll            |       |     2 ||     2
Armor: Scale mail        |    42 |   122 ||   164
Dodge: Dodged            |    44 |    89 ||   133
Block: Buckler           |    24 |    42 ||    66

Table legend: (Time is in decaauts)
 A = Elapsed time spent in this place.
 B = Non-inter-level travel time spent in this place.
 C = Inter-level travel time spent in this place.
 D = Time resting spent in this place.
 E = Time spent auto-exploring this place.
 F = Levels seen in this place.
 G = Mean time per level.
                   A        B        C        D        E       F      G
               +--------+--------+--------+--------+--------+-----+--------+
         Total |   3406 |   3245 |    161 |    454 |   2139 |   4 |  851.5 |
       Dungeon |   3406 |   3245 |    161 |    454 |   2139 |   4 |  851.5 |
               +--------+--------+--------+--------+--------+-----+--------+

Top non-repeatable levels by time:
     D:1: 1353 daAuts
     D:2: 1168 daAuts
     D:3: 661 daAuts
     D:4: 223 daAuts
